 Dungeon Crawl Stone Soup version 0.30-a0-737-gf23d94013f (webtiles) character file.

Game seed: 1632667082564839740

56 NinjaNoafa the Sneak (level 3, -4/17 HPs)
             Began as a Felid Monk on Feb 1, 2023.
             Slain by a scorpion (5 damage)
             ... on level 4 of the Dungeon.
             The game lasted 00:07:56 (2349 turns).

NinjaNoafa the Sneak (Felid Monk)                   Turns: 2349, Time: 00:07:57

Health: -4/17      AC:  1    Str:  7    XL:     3   Next: 71%
Magic:  4/4        EV: 19    Int: 13    God:
Gold:   180        SH:  0    Dex: 18    Spells: 2/2 levels left
                                        Lives:  0   Deaths: 1

rFire   . . .      SeeInvis +      - Unarmed
rCold   . . .      Faith    .    (shield unavailable)
rNeg    . . .      Spirit   .    (body armour unavailable)
rPois   .          Reflect  .    (helmet unavailable)
rElec   .          Harm     .    (cloak unavailable)
rCorr   .          Rampage  .    (gloves unavailable)
Will    .....                    (boots unavailable)
Stlth   ++++                     (no amulet)
HPRegen 0.22/turn                (no ring)
MPRegen 0.09/turn                (no ring)

@: quick
A: very small, claws 1, fangs 3, see invisible, speed 1, shaggy fur 1, stealthy
paws, no weapons or thrown items, no armour, multi-lived
a: no special abilities


You were on level 4 of the Dungeon.
You visited 1 branch of the dungeon, and saw 4 of its levels.

You collected 180 gold pieces.

Inventory:

Jewellery
 o - a ring of wizardry
Scrolls
 b - 2 scrolls of fear {unknown}
 c - a scroll of immolation {unknown}
 h - 3 scrolls of fog {unknown}
 i - 2 scrolls of teleportation {unknown}
 j - 2 scrolls of noise {unknown}
 k - 2 scrolls of magic mapping {unknown}
 l - 3 scrolls of vulnerability {unknown}
 m - a scroll of blinking {unknown}
 p - a scroll of poison {unknown}
 q - a scroll of silence {unknown}
 r - a scroll of identify {unknown}
Potions
 d - a potion of brilliance {unknown}
 e - a potion of degeneration {unknown}
 f - 2 potions of curing {unknown}
 g - a potion of heal wounds {unknown}
 n - a potion of flight {unknown}


   Skills:
 + Level 3.1 Fighting
 - Level 4.0 Dodging
 - Level 7.0 Stealth
 - Level 3.0 Unarmed Combat


You had 2 spell levels left.
You didn't know any spells.
Your spell library contained the following spells:

 Spells                   Type           Power      Damage    Failure   Level
 Flame Wave               Conj/Fire      0%         2d4       97%         4
 Lee's Rapid Deconstruct  Erth           0%         3d4*      100%        5
 Iron Shot                Conj/Erth      0%         9d1       100%        6


Dungeon Overview and Level Annotations

Branches:
Dungeon (4/15)
 Temple: D:4-7

Altars:

Annotations:
D:4 Blork the orc


Innate Abilities, Weirdness & Mutations

You have sharp claws.
You have razor-sharp teeth.
You have supernaturally acute eyesight. (SInv)
You cover ground quickly. (Speed+)
You are covered in fur. (AC +1)
Your paws help you pounce on unaware monsters.
You are incapable of wielding weapons or throwing items.
You cannot wear armour.
You gain extra lives every three experience levels.


Message History

A scorpion comes into view.
Found 10 gold pieces.
Found a stone staircase leading down.
Blork the orc shouts!
You scratch Blork the orc.
Blork the orc is almost dead.
Blork the orc completely misses you. Blork the orc misses you.
You scratch Blork the orc but do no damage.
Blork the orc is almost dead.
Blork the orc casts a spell at you. The magic dart hits you!
You scratch Blork the orc but do no damage.
Blork the orc is almost dead.
Blork the orc misses you.
You scratch Blork the orc.
You bite Blork the orc, but do no damage.
Blork the orc is almost dead.
Blork the orc misses you.
Blork the orc casts a cantrip, but nothing happens.
You closely miss Blork the orc.
Blork the orc is almost dead.
Blork the orc barely misses you.
You completely miss Blork the orc.
Blork the orc is almost dead.
Blork the orc screams, "I'll break your arms!"
Blork the orc closely misses you.
Blork the orc hits you with a +0 war axe.
* * * LOW HITPOINT WARNING * * *
You closely miss Blork the orc.
Blork the orc is almost dead.
Blork the orc barely misses you.
You barely miss Blork the orc.
Blork the orc is almost dead.
Blork the orc barely misses you. The scorpion barely misses you.
You closely miss Blork the orc.
Blork the orc is almost dead.
Blork the orc points at you and mumbles some strange words.
The puff of frost hits you.
* * * LOW HITPOINT WARNING * * *
The scorpion stings you.
You die...

#.........# #.# #.........#
.. ####.........# # ..
............# ##s#.
#.?........#
..$...#######..[.[.....#
......#...o............#####
.>........s@...............^
.....#.######.†.......####.
### #.# #o........# #.
#####.# ########### ##
#.....# # #.....# #.....#
#....## #....#


You could see Blork the orc (fast) and a scorpion.

Vanquished Creatures
  4 adders
  A worm (D:2)
  3 dart slugs (D:1)
  An orc (D:3)
  8 endoplasms
  3 giant cockroaches
  7 goblins
  8 hobgoblins
  4 quokkas
  8 ball pythons
  7 bats
  4 frilled lizards (D:2)
  5 kobolds
  5 rats
68 creatures vanquished.

Notes
Turn   | Place    | Note
-------+----------+-------------------------------------------
     0 | D:1      | NinjaNoafa the Felid Monk began the quest for the Orb.
     0 | D:1      | Reached XP level 1. HP: 10/10 MP: 2/2
    18 | D:1      | Reached skill level 3 in Stealth
    88 | D:1      | Got the Commentary on Igneous Detritus
   132 | D:1      | Reached XP level 2. HP: 14/14 MP: 3/3
   136 | D:1      | Reached skill level 4 in Stealth
   386 | D:1      | Reached skill level 5 in Stealth
   448 | D:1      | Reached XP level 3. HP: 12/17 MP: 4/4
   785 | D:2      | Found a faded altar of an unknown god.
  1018 | D:2      | Reached skill level 6 in Stealth
  1395 | D:2      | Reached XP level 4. HP: 21/21 MP: 5/5
  2098 | D:3      | Reached skill level 7 in Stealth
  2315 | D:4      | Noticed Blork the orc
  2326 | D:4      | HP: 1/21 [Blork the orc/magic dart (9)]
  2327 | D:4      | Mangled by Blork the orc
  2328 | D:4      | Reached XP level 3. HP: -7/17 MP: 4/4
  2336 | D:4      | Noticed a scorpion
  2349 | D:4      | Slain by a scorpion

Illustrated notes

Levels and vault maps discovered:
D:1:      wander_arrival_lonely_grave, layout_basic
D:2:      layout_basic, nicolae_ecumenical_pavilion
D:3:      layout_basic
D:4:      layout_basic, uniq_blork_the_orc

Skill      XL: |  1  2  3  4 |
---------------+-------------+-----
Stealth        | 3 5 6 7 |  7.0
Fighting       | |  3.1
Dodging        | |  4.0
Unarmed Combat | |  3.0

Action                     |  1- 3 |  4- 6 || total
---------------------------+-------+-------++-------
  Melee: Unarmed           |   131 |    34 ||   165
         Bite              |    17 |     1 ||    18
         Punch             |     4 |       ||     4
    Use: Potion            |       |     1 ||     1
   Stab: Sleeping          |    11 |    10 ||    21
         Distracted        |     1 |       ||     1
 Armour: Skin              |     3 |       ||     3
  Dodge: Dodged            |   116 |    17 ||   133

Table legend: (Time is in decaauts)
 A = Elapsed time spent in this place.
 B = Non-inter-level travel time spent in this place.
 C = Inter-level travel time spent in this place.
 D = Time resting spent in this place.
 E = Time spent auto-exploring this place.
 F = Levels seen in this place.
 G = Mean time per level.
                   A        B        C        D        E       F      G
               +--------+--------+--------+--------+--------+-----+--------+
         Total |   1954 |   1897 |     57 |      0 |   1357 |   4 |  488.5 |
       Dungeon |   1954 |   1897 |     57 |      0 |   1357 |   4 |  488.5 |
               +--------+--------+--------+--------+--------+-----+--------+

Top non-repeatable levels by time:
     D:1: 661 daAuts
     D:2: 630 daAuts
     D:3: 506 daAuts
     D:4: 156 daAuts
